 Dungeon Crawl Stone Soup version 0.30-a0-586-g23e55c9e0a (webtiles) character file.

Game seed: 11435385093171464078

4092 Citaku the Cleaver (level 10, -6/90 HPs)
             Began as a Minotaur Berserker on Jan 3, 2023.
             Was an Elder of Trog.
             Mangled by a komodo dragon (20 damage)
             ... on level 9 of the Dungeon.
             The game lasted 00:18:51 (7954 turns).

Citaku the Cleaver (Minotaur Berserker)             Turns: 7954, Time: 00:18:51

Health: -6/90      AC: 21    Str: 22    XL:     10   Next: 5%
Magic:  9/9        EV:  9    Int:  6    God:    Trog [****..]
Gold:   313        SH:  0    Dex: 18    Spells: 9/9 levels left

rFire   . . .      SeeInvis .    y - +3 war axe (flame)
rCold   . . .      Faith    .    (no shield)
rNeg    . . .      Spirit   .    g - +2 plate armour
rPois   .          Reflect  .    (helmet restricted)
rElec   .          Harm     .    (no cloak)
rCorr   .          Rampage  .    e - +2 pair of gloves
Will    +....                    k - +0 pair of boots Stlth
                                 (no amulet)
HPRegen 0.35/turn                j - +6 ring of dexterity
MPRegen 0.11/turn                u - ring of willpower

@: no status effects
A: horns 2, retaliatory headbutt
a: Renounce Religion, Berserk, Trog's Hand, Brothers in Arms


You were on level 9 of the Dungeon.
You worshipped Trog.
Trog was greatly pleased with you.
You visited 1 branch of the dungeon, and saw 9 of its levels.

You collected 514 gold pieces.
You spent 201 gold pieces at shops.

Inventory:

Hand Weapons
 y - a +3 war axe of flaming (weapon)
Armour
 e - a +2 pair of gloves (worn)
 g - a +2 plate armour (worn)
 k - a +0 pair of boots (worn)
Jewellery
 j - a +6 ring of dexterity (left hand)
 u - a ring of willpower (right hand)
 x - a ring of protection from cold
Wands
 i - a wand of charming (3)
 p - a wand of flame (17)
 w - a wand of polymorph (20)
Scrolls
 a - 3 scrolls of enchant armour
 c - a scroll of magic mapping
 d - a scroll of fog
 h - 3 scrolls of identify
 r - 4 scrolls of teleportation
Potions
 b - 4 potions of haste
 f - a potion of ambrosia
 l - 2 potions of flight
 q - 2 potions of brilliance
 s - 2 potions of curing


   Skills:
 + Level 8.7 Fighting
 * Level 11.2 Axes
 * Level 10.9 Armour
 - Level 4.0 Dodging


You had 9 spell levels left.
You didn't know any spells.
Your spell library was empty.

Dungeon Overview and Level Annotations

Branches:
Dungeon (9/15)             Temple (0/1) D:6
   Lair: D:8-11         Orc: D:9-12

Altars:
Gozag
Nemelex Xobeh
Okawaru
Wu Jian

Shops:
D:1 *   D:4 *


Innate Abilities, Weirdness & Mutations

You have a pair of horns on your head.
You reflexively headbutt those who attack you in melee.


Message History

Trog accepts your kill. The orc hits you but does no damage.
Things that are here:
a +0 club; 3 boomerangs; an orc corpse You hit the orc.
You burn the orc.
The orc is moderately wounded.
You hit the komodo dragon. You burn the komodo dragon.
An orc comes into view. It is wielding a +0 club.
The komodo dragon bites you. The orc hits you but does no damage.
You hit the orc. You burn the orc.
You kill the orc!
Trog accepts your kill.
You closely miss the komodo dragon.
The komodo dragon bites you but does no damage.
The komodo dragon bites you!!
Things that are here:
a +0 heavy falchion; an orc corpse You hit the komodo dragon.
You burn the komodo dragon. You headbutt the komodo dragon!
The komodo dragon is moderately wounded.
You closely miss the orc. The orc hits you but does no damage.
The komodo dragon bites you but does no damage.
You hit the komodo dragon but do no damage.
The komodo dragon is moderately wounded.
You slash the orc! You burn the orc.
You kill the orc!
Trog accepts your kill. The komodo dragon bites you!
You feel better. The komodo dragon bites you.
You hit the komodo dragon. You burn the komodo dragon.
The komodo dragon is heavily wounded.
The komodo dragon bites you!!
* * * LOW HITPOINT WARNING * * *
You closely miss the komodo dragon. You headbutt the komodo dragon!
The komodo dragon is severely wounded.
The komodo dragon bites you!!
* * * LOW HITPOINT WARNING * * *
Okay, then.
You feel better. The komodo dragon bites you!!
You die...

o##oy.. # <....y$ #.
....... #.. y......
....#####....:..
................
.#####..####.### #.)#
.# #l@# .# #))# .#
#))# .# #.)# .# #.)#
.#
...#####..####.####..
........<.)).........
###################..


You could see a komodo dragon.

Vanquished Creatures
  A two-headed ogre (D:8)
  Grinder (D:4)
  A wyvern (D:7)
  2 steam dragons (D:6)
  A water moccasin (D:7)
  Duvessa (D:7)
  2 orc warriors
  2 black bears
  A sky beast (D:7)
  An ogre (D:6)
  An ice beast (D:6)
  A centaur (D:7)
  5 phantoms
  A kobold brigand (D:7)
  2 necrophages (D:7)
  2 bullfrogs (D:8)
  A scorpion (D:4)
  Dowan (D:7)
  2 killer bees (D:9)
  5 electric eels (D:6)
  2 jellies
  3 orc priests
  5 hounds
  Jessica (D:3)
  2 iguanas
  Natasha (thrice) (D:4)
  8 orc wizards
  4 gnolls (D:3)
  7 adders
  A shadow imp (D:6)
  2 white imps
  4 worms
  2 dart slugs (D:2)
  32 orcs
  3 bats
  7 endoplasms
  4 giant cockroaches
  2 goblins
  9 hobgoblins
  9 kobolds
  2 quokkas
  7 ball pythons
  A frilled lizard (D:2)
  3 rats (D:1)
157 creatures vanquished.

Vanquished Creatures (others)
  An electric eel (D:6)
  6 fungi (D:9)
  57 plants
64 creatures vanquished.

Grand Total: 221 creatures vanquished

Notes
Turn   | Place    | Note
-------+----------+-------------------------------------------
     0 | D:1      | Citaku the Minotaur Berserker began the quest for the Orb.
     0 | D:1      | Reached XP level 1. HP: 19/19 MP: 0/0
   362 | D:1      | Found Reekhlaa's Assorted Antiques.
   392 | D:1      | Reached XP level 2. HP: 27/27 MP: 1/1
   427 | D:1      | Found a faded altar of an unknown god.
   786 | D:2      | Reached skill level 4 in Axes
   862 | D:2      | Reached XP level 3. HP: 25/33 MP: 2/2
  1561 | D:3      | Noticed Jessica
  1564 | D:3      | Killed Jessica
  1565 | D:3      | Reached XP level 4. HP: 41/41 MP: 3/3
  1678 | D:3      | Reached ** piety under Trog
  1808 | D:3      | Reached XP level 5. HP: 38/47 MP: 4/4
  2300 | D:4      | Reached skill level 5 in Fighting
  2300 | D:4      | Reached skill level 5 in Axes
  2309 | D:4      | Reached XP level 6. HP: 27/56 MP: 5/5
  2497 | D:4      | Found Sissidic's Fire Supplies.
  2515 | D:4      | Bought a +2 war axe of flaming for 201 gold pieces
  2750 | D:4      | Noticed Natasha
  2754 | D:4      | Killed Natasha
  2763 | D:4      | Noticed Grinder
  2784 | D:4      | Killed Grinder
  2785 | D:4      | Reached skill level 6 in Axes
  2785 | D:4      | Reached skill level 5 in Armour
  2785 | D:4      | Reached XP level 7. HP: 52/61 MP: 6/6
  3075 | D:4      | Noticed Natasha
  3085 | D:4      | Killed Natasha
  3293 | D:4      | Noticed Natasha
  3300 | D:4      | Killed Natasha
  3333 | D:4      | Found an iron altar of Okawaru.
  3428 | D:5      | Entered Level 5 of the Dungeon
  3660 | D:5      | Reached *** piety under Trog
  4066 | D:6      | Reached skill level 7 in Axes
  4179 | D:6      | Noticed a steam dragon
  4193 | D:6      | Killed a steam dragon
  4509 | D:6      | Reached XP level 8. HP: 70/70 MP: 7/7
  4537 | D:6      | Found a staircase to the Ecumenical Temple.
  4662 | D:6      | Reached skill level 8 in Axes
  4662 | D:6      | Found a sparkling altar of Nemelex Xobeh.
  5927 | D:6      | Reached skill level 9 in Axes
  6479 | D:7      | Reached XP level 9. HP: 76/79 MP: 8/8
  6720 | D:7      | Found an ornate altar of the Wu Jian Council.
  6762 | D:7      | Noticed Duvessa
  6762 | D:7      | Noticed Dowan
  6771 | D:7      | Killed Dowan
  6772 | D:7      | Killed Duvessa
  6818 | D:7      | Identified the +1 trident of Causality {flame, rElec Will-
                  | Str+2}
  6876 | D:7      | Reached skill level 10 in Axes
  6876 | D:7      | Reached **** piety under Trog
  6980 | D:7      | Found an opulent altar of Gozag.
  7095 | D:7      | You fall into a shaft and drop 2 floors!
  7110 | D:8      | Reached skill level 10 in Armour
  7510 | D:8      | Noticed a two-headed ogre
  7519 | D:8      | Killed a two-headed ogre
  7520 | D:8      | Reached skill level 11 in Axes
  7896 | D:9      | Reached XP level 10. HP: 84/90 MP: 9/9
  7953 | D:9      | HP: 4/90 [komodo dragon (21)]
  7954 | D:9      | Mangled by a komodo dragon

Illustrated notes

Levels and vault maps discovered:
D:1:      onia_arrival_pyramid, layout_basic, serial_shops, nicolae_shop_stone,
          basic_ecumenical_altar
D:2:      layout_basic
D:3:      layout_basic, kennysheep_generic_room_11, uniq_jessica
D:4:      layout_loops_ring, lemuel_tele_altar, nrook_loot_triangle,
          nicolae_shop_fire_sale [nicolae_sub_dead_trees], nicolae_eternal_life,
          uniq_grinder, uniq_natasha
D:5:      layout_rooms
D:6:      layout_loops_corners, nemelex_dance_club_becter,
          minmay_temple_entry_arrows, serial_bayou, serial_bayou_lagoon_a,
          serial_bayou_lake_a, serial_bayou_pond_e, serial_bayou_shore_a,
          chequers_serial_rivers_small_3, dk_noncrumbling_4
D:7:      layout_rooms, nicolae_gozag_cash_rules_everything_around_me,
          nicolae_wu_jian_immortal_techniques, uniq_duvessa
D:8:      layout_loops_cross
D:9:      layout_small_grid, grunt_lair_entry_orc_guard_hut, hiddenorc2_lemuel,
          serial_shops, nicolae_shop_stone, uniq_erica

Skill      XL: |  1  2  3  4  5  6  7  8  9 |
---------------+----------------------------+-----
Fighting       | 4 5 6 7 8 |  8.7
Axes           | 4 5 6 7 9 11 | 11.2
Armour         | 3 4 5 6 8 10 | 10.9
Dodging        | 3 4 |  4.0

Action                   |  1- 3 |  4- 6 |  7- 9 | 10-12 || total
-------------------------+-------+-------+-------+-------++-------
Melee: Hand axe          |    81 |    63 |       |       ||   144
       Headbutt          |    10 |     8 |    30 |     6 ||    54
       Punch             |     2 |       |     2 |     1 ||     5
       War axe           |       |    16 |   194 |    28 ||   238
  Use: Potion            |       |     9 |     2 |     2 ||    13
       Scroll            |       |     5 |     7 |       ||    12
Armor: Ring mail         |     9 |       |       |       ||     9
       Plate armour      |    36 |    55 |   169 |    18 ||   278
       Skin              |       |    10 |       |       ||    10
Dodge: Dodged            |    36 |    35 |   104 |    11 ||   186

Table legend: (Time is in decaauts)
 A = Elapsed time spent in this place.
 B = Non-inter-level travel time spent in this place.
 C = Inter-level travel time spent in this place.
 D = Time resting spent in this place.
 E = Time spent auto-exploring this place.
 F = Levels seen in this place.
 G = Mean time per level.
                   A        B        C        D        E       F      G
               +--------+--------+--------+--------+--------+-----+--------+
         Total |   8059 |   8059 |      0 |    852 |   4920 |   9 |  895.4 |
       Dungeon |   8059 |   8059 |      0 |    852 |   4920 |   9 |  895.4 |
               +--------+--------+--------+--------+--------+-----+--------+

Top non-repeatable levels by time:
     D:6: 2711 daAuts
     D:4: 1271 daAuts
     D:2: 861 daAuts
     D:7: 786 daAuts
     D:3: 662 daAuts
     D:1: 650 daAuts
     D:8: 615 daAuts
     D:5: 397 daAuts
     D:9: 103 daAuts
